 Seeded DCSS version 0.31-a0-229-g1fc7ce93e2 (webtiles) character file.

Game seed: 13275427502194390118 (custom seed)

190 rocky1 the Covert (level 5, -1/47 HPs)
             Began as a Gnoll Delver on July 7, 2023.
             Was an Initiate of Ashenzari.
             Slain by a kobold
             ... wielding a +0 short sword
              (2 damage)
             ... in a sewer.
             The game lasted 00:03:07 (683 turns).

rocky1 the Covert (Gnoll Delver)                     Turns: 683, Time: 00:03:07

Health: -1/47      AC:  3    Str: 12    XL:     5   Next: 69%
Magic:  7/7        EV: 13    Int: 12    God:    Ashenzari [......]
Gold:   52         SH:  0    Dex: 15    Spells: 7/7 levels left

rFire   + . .        j - +6 short sword of Fatigue {flame, rF+ Int+3}
rCold   . . .        (no shield)
rNeg    . . .        b - +0 leather armour
rPois   .            (no helmet)
rElec   .            (no cloak)
rCorr   .            (no gloves)
SInv    .            (no boots)
Will    .....        (no amulet)
Stlth   ++++         l - ring of wizardry
HPRegen 0.27/turn    (no ring)
MPRegen 0.10/turn

%: wizardry (x1)
@: no status effects
A: fangs 1, strong nose, distributed training
a: Renounce Religion


You were in a sewer.
You worshipped Ashenzari.
Ashenzari was noncommittal.
You visited 2 branches of the dungeon, and saw 3 of its levels.
You also visited: Sewer.

You collected 52 gold pieces.

Inventory:

Hand Weapons
 a - a +0 falchion
 j - the +6 short sword of Fatigue (weapon) {flame, rF+ Int+3}
   (You found it on level 5 of the Dungeon)

   Int:       It affects your intelligence (+3).
   rF:        It protects you from fire.
Armour
 b - a +0 leather armour (worn)
Jewellery
 l - a ring of wizardry (left hand)
Wands
 g - a wand of digging (3)
Scrolls
 c - 2 scrolls of fog
 d - a scroll of revelation
 e - a scroll of fear
 h - 2 scrolls of identify {unknown}
 k - a scroll of brand weapon {unknown}
Potions
 f - a potion of haste
 i - a potion of enlightenment {unknown}


   Skills:
 + Level 6.7 Fighting
 + Level 1.6 Short Blades
 + Level 4.8 Long Blades
 + Level 1.6 Axes
 + Level 1.6 Maces & Flails
 + Level 1.6 Polearms
 + Level 1.6 Staves
 + Level 1.6 Ranged Weapons
 + Level 1.6 Throwing
 + Level 1.6 Armour
 + Level 4.8 Dodging
 + Level 9.7 Stealth
 + Level 1.6 Shields
 + Level 1.6 Unarmed Combat
 + Level 1.6 Spellcasting
 + Level 1.3 Conjurations
 + Level 1.3 Hexes
 + Level 1.3 Summonings
 + Level 1.3 Necromancy
 + Level 1.3 Translocations
 + Level 1.3 Transmutations
 + Level 1.3 Fire Magic
 + Level 1.3 Ice Magic
 + Level 1.3 Air Magic
 + Level 1.3 Earth Magic
 + Level 1.3 Poison Magic
 + Level 1.9 Invocations
 + Level 1.6 Evocations


You had 7 spell levels left.
You didn't know any spells.
Your spell library contained the following spells:

 Spells                   Type           Power      Damage    Failure   Level
 Leda's Liquefaction      Hex/Erth       2%         N/A       58%         4
 Lee's Rapid Deconstruct  Erth           2%         3d4*      89%         5
 Leda's Unmaking          Conj/Erth      2%         9d1       100%        6
 Statue Form              Tmut/Erth      2%         N/A       100%        6


Dungeon Overview and Level Annotations

Branches:
Dungeon (5/15)             Temple (1/1) D:4           Sewer (1/1)

Altars:
Ashenzari
Cheibriados
Fedhas
Kikubaaqudgha
Makhleb
Sif Muna
Uskayaw
Wu Jian
Xom
Yredelemnul
Zin

Shops:
D:5 =


Innate Abilities, Weirdness & Mutations

You have very sharp teeth.
Your uncanny sense of smell can sniff out nearby items.
Your experience applies equally to all skills.


Message History

The kobold brigand is severely wounded.
You hit the kobold brigand. You burn the kobold brigand.
The kobold brigand is almost dead.
The kobold brigand barely misses you. The kobold closely misses you.
The kobold hits you with a +0 dagger.
* * * LOW HITPOINT WARNING * * *
The kobold barely misses you.
You hit the kobold brigand. You burn the kobold brigand.
You bite the kobold brigand, but do no damage.
The kobold brigand is almost dead.
The kobold brigand closely misses you. The kobold hits you with a +0 dagger.
* * * LOW HITPOINT WARNING * * *
The kobold barely misses you. The kobold closely misses you.
You closely miss the kobold brigand.
The kobold brigand is almost dead.
The kobold brigand barely misses you. The kobold misses you.
The kobold hits you but does no damage. x2
You barely miss the kobold brigand.
The kobold brigand is almost dead.
The kobold brigand barely misses you. The kobold closely misses you.
The kobold hits you with a +0 dagger.
* * * LOW HITPOINT WARNING * * *
The kobold hits you with a +0 dagger.
* * * LOW HITPOINT WARNING * * *
You puncture the kobold brigand! You burn the kobold brigand.
You kill the kobold brigand!
The kobold hits you but does no damage.
The kobold hits you with a +0 short sword.
* * * LOW HITPOINT WARNING * * *
The kobold hits you with a +0 dagger.
* * * LOW HITPOINT WARNING * * *
You closely miss the kobold. You bite the kobold, but do no damage.
The kobold hits you with a +0 dagger.
* * * LOW HITPOINT WARNING * * *
The kobold barely misses you. The kobold hits you but does no damage.
You hit the kobold. You burn the kobold.
You kill the kobold!
The kobold closely misses you. The kobold barely misses you.
The kobold hits you with a +0 short sword.
You die...

#~~~#~~....#
#~≈~#P~...#
#~≈~~~P...##
#~≈~~~~P...#
#~≈~#P...###
#~≈~#....#
#~~~##''##
#~≈~#))K!#
#~≈~#)@K!#
#~≈~#.∩..#
∆∆
#~≈~#?!..#
#~≈~######
#~~~'...#
#~≈~#.∩∩#
#≈≈≈#...#
#########


You could see 2 kobolds.

Vanquished Creatures
  An ogre (D:4)
  A kobold brigand (Sewer)
  3 gnolls (D:4)
  An endoplasm (D:4)
  A goblin (D:4)
  3 kobolds (Sewer)
10 creatures vanquished.

Notes
Turn   | Place    | Note
-------+----------+-------------------------------------------
     0 | D:5      | Reached skill level 9 in Stealth
     0 | D:5      | rocky1 the Gnoll Delver began the quest for the Orb.
     0 | D:5      | Reached XP level 1. HP: 23/23 MP: 1/1
    35 | D:5      | Found Kak Ufono's Jewellery Shop.
   129 | D:5      | Identified the +3 flail of Experimentation {pain, Int+3}
   146 | D:5      | Found a burning altar of Makhleb.
   277 | D:5      | Identified the +6 short sword of Fatigue {flame, rF+ Int+3}
   325 | D:5      | Noticed a hound
   367 | D:4      | Found a blossoming altar of Fedhas.
   387 | D:4      | Noticed an ogre
   395 | D:4      | Killed an ogre
   396 | D:4      | Reached skill level 1 in Short Blades
   396 | D:4      | Reached skill level 1 in Axes
   396 | D:4      | Reached skill level 1 in Maces & Flails
   396 | D:4      | Reached skill level 1 in Polearms
   396 | D:4      | Reached skill level 1 in Staves
   396 | D:4      | Reached skill level 1 in Ranged Weapons
   396 | D:4      | Reached skill level 1 in Throwing
   396 | D:4      | Reached skill level 1 in Armour
   396 | D:4      | Reached skill level 1 in Shields
   396 | D:4      | Reached skill level 1 in Unarmed Combat
   396 | D:4      | Reached skill level 1 in Spellcasting
   396 | D:4      | Reached skill level 1 in Conjurations
   396 | D:4      | Reached skill level 1 in Hexes
   396 | D:4      | Reached skill level 1 in Summonings
   396 | D:4      | Reached skill level 1 in Necromancy
   396 | D:4      | Reached skill level 1 in Translocations
   396 | D:4      | Reached skill level 1 in Transmutations
   396 | D:4      | Reached skill level 1 in Fire Magic
   396 | D:4      | Reached skill level 1 in Ice Magic
   396 | D:4      | Reached skill level 1 in Air Magic
   396 | D:4      | Reached skill level 1 in Earth Magic
   396 | D:4      | Reached skill level 1 in Poison Magic
   396 | D:4      | Reached skill level 1 in Invocations
   396 | D:4      | Reached skill level 1 in Evocations
   396 | D:4      | Reached XP level 2. HP: 3/29 MP: 1/3
   396 | D:4      | Reached XP level 3. HP: 4/35 MP: 1/4
   396 | D:4      | Reached XP level 4. HP: 5/41 MP: 1/5
   489 | D:4      | Found a staircase to the Ecumenical Temple.
   498 | Temple   | Entered the Ecumenical Temple
   559 | Temple   | Became a worshipper of Ashenzari the Shackled
   605 | D:4      | Reached XP level 5. HP: 41/47 MP: 5/7
   629 | D:4      | Found a glowing drain.
   642 | Sewer    | Entered a sewer
   662 | Sewer    | Noticed a kobold brigand
   680 | Sewer    | Killed a kobold brigand
   681 | Sewer    | HP: 1/47 [kobold/+0 dagger (3)]
   683 | Sewer    | Slain by a kobold

Illustrated notes

Levels and vault maps discovered:
D:4:      layout_basic, fedhas_altar_2, minmay_temple_entry_ruins,
          cheibrodos_sewer_entry_sluice, grunt_ministairs_12, uniq_duvessa
D:5:      layout_gridville, mainiacjoe_overflow_catch_the_wave, serial_shops,
          shop, grunt_ministairs_4, minmay_fractal_squares_gapless_5
Temple:   chequers_temple_sunken
Sewer:    kennysheep_pipe_town

Skill      XL: |  1 |
---------------+----+-----
Stealth        | |  9.7
Short Blades   | 1 |  1.6
Axes           | 1 |  1.6
Maces & Flails | 1 |  1.6
Polearms       | 1 |  1.6
Staves         | 1 |  1.6
Ranged Weapons | 1 |  1.6
Throwing       | 1 |  1.6
Armour         | 1 |  1.6
Shields        | 1 |  1.6
Unarmed Combat | 1 |  1.6
Spellcasting   | 1 |  1.6
Conjurations   | 1 |  1.3
Hexes          | 1 |  1.3
Summonings     | 1 |  1.3
Necromancy     | 1 |  1.3
Translocations | 1 |  1.3
Transmutations | 1 |  1.3
Fire Magic     | 1 |  1.3
Ice Magic      | 1 |  1.3
Air Magic      | 1 |  1.3
Earth Magic    | 1 |  1.3
Poison Magic   | 1 |  1.3
Invocations    | 1 |  1.9
Evocations     | 1 |  1.6
Fighting       | |  6.7
Long Blades    | |  4.8
Dodging        | |  4.8

Action                     |  1- 3 |  4- 6 || total
---------------------------+-------+-------++-------
  Melee: Short sword       |     4 |    31 ||    35
         Bite              |       |     5 ||     5
   Stab: Sleeping          |       |     2 ||     2
 Armour: Leather armour    |       |    10 ||    10
  Dodge: Dodged            |     1 |    40 ||    41

Table legend: (Time is in decaauts)
 A = Elapsed time spent in this place.
 B = Non-inter-level travel time spent in this place.
 C = Inter-level travel time spent in this place.
 D = Time resting spent in this place.
 E = Time spent auto-exploring this place.
 F = Levels seen in this place.
 G = Mean time per level.
                   A        B        C        D        E       F      G
               +--------+--------+--------+--------+--------+-----+--------+
         Total |    691 |    673 |     18 |     83 |    117 |   4 |  172.8 |
       Dungeon |    561 |    561 |      0 |     83 |     71 |   2 |  280.5 |
        Temple |     82 |     64 |     18 |      0 |     46 |   1 |   82.0 |
         Sewer |     47 |     47 |      0 |      0 |      0 |   1 |   47.0 |
               +--------+--------+--------+--------+--------+-----+--------+

Top non-repeatable levels by time:
     D:5: 330 daAuts
     D:4: 231 daAuts
  Temple: 82 daAuts
   Sewer: 47 daAuts
